Map: Orbital Shipyard

Players

miwa

  • Race: Zerg Zerg

Neuro - Winner!

  • Race: Zerg Zerg

VOD

http://www.twitch.tv/neurostarcraft/v/3984988

Description

Time

  • Played on: April 3, 2015, 1:23 p.m.
  • Length: 10:50
Show
View Real Time Build Order
Export as new Build Order

miwa Zerg 

Build Orders: Hatch First, Ravager All-In 

Get SALT Encoding   

  12  0:01  Drone  
  13  0:12  Overlord  
  13  0:17  Drone  
  14  0:31  Drone x2  
  14  0:35  Drone  
  17  0:55  Hatchery  
  16  0:58  Drone  
  16  1:00  Drone  
  18  1:06  Extractor  
  18  1:08  Drone  
  18  1:19  Spawning Pool  
  18  1:21  Drone  
  18  1:28  Drone  
  19  1:39  Drone  
  20  1:50  Drone  
  21  2:02  Overlord  
  21  2:06  Queen  
  23  2:10  Metabolic Boost, Queen  
  23  2:13  Drone x2  
  27  2:19  Zergling x2  
  28  2:25  Drone  
  29  2:31  Overlord  
  29  2:35  Drone  
  30  2:40  Drone  
  31  2:46  Queen  
  31  2:47  Roach Warren  
  31  2:50  Drone  
  31  2:51  Extractor  
  32  2:53  Drone  
  34  2:58  Drone  
  34  3:02  Overlord  
  34  3:08  Overlord  
  33  3:28  Roach x6  
  33  3:31  Roach  
  47  3:37  Overlord  
  47  3:40  Zergling x2  
  47  3:41  Zergling x2  
  49  3:45  Zergling x4  
  51  3:50  Overlord  
  51  3:54  Zergling x2  
  51  3:55  Zergling x2  
  53  3:59  Zergling x2  
  54  4:10  Zergling x6  
  56  4:27  Zergling x10  
  54  4:40  Zergling x2  
  54  4:41  Zergling x16  
  60  4:48  Ravager x5  
  62  4:53  Zergling x4  
  64  5:05  Zergling x4  
  57  5:11  Zergling x4  
  57  5:13  Lair  
  54  5:18  Extractor  
  54  5:21  Zergling x2  
  50  5:24  Zergling x8  
  50  5:25  Zergling x4  
  49  5:43  Roach  
  49  5:44  Roach x4  
  59  5:51  Evolution Chamber, Drone  
  59  5:54  Drone  
  60  6:00  Drone  
  61  6:07  Ravager x3  
  61  6:09  Drone x2  
  66  6:12  Glial Reconstitution  
  66  6:14  Drone  
  67  6:20  Roach  
  67  6:24  Roach  
  71  6:36  Drone x4  
  71  6:38  Overseer  
  75  6:40  Zerg Missile Weapons Level 1  
  75  6:44  Overseer  
  75  6:46  Overlord  
  75  7:02  Hatchery  
  75  7:04  Extractor  
  75  7:05  Overlord  
  73  7:12  Roach x2  
  77  7:18  Drone x2  
  79  7:24  Roach x2  
  83  7:31  Ravager x3  
  83  7:35  Roach  
  83  7:36  Roach  
  90  7:42  Overlord  
  90  7:47  Overlord  
  90  7:56  Overlord  
  90  7:59  Drone  
  90  8:02  Drone x3  
  94  8:07  Roach  
  94  8:12  Drone x2  
  98  8:13  Drone  
  98  8:16  Drone  
  100  8:21  Overseer  
  100  8:23  Drone x2  
  103  8:27  Drone x2  
  104  8:36  Drone x4  
  104  8:37  Drone  
  109  8:47  Roach x3  
  115  8:52  Drone x3  
  115  8:53  Drone  
  118  8:59  Roach x2  
  118  9:02  Overseer  
  118  9:08  Roach  
  118  9:09  Roach  
  119  9:14  Extractor  
  118  9:21  Roach x2  
  114  9:37  Roach x3  
  118  9:50  Roach  
  118  9:52  Ravager  
  121  10:02  Overlord  
  121  10:03  Overlord  
  120  10:12  Roach  
  120  10:21  Roach  
  120  10:22  Roach x5  
Show
View Real Time Build Order
Export as new Build Order

Neuro Zerg - Winner!

Build Orders: Hatch First, Ravager Aggression 

Get SALT Encoding   

  12  0:01  Drone  
  13  0:12  Overlord  
  13  0:17  Drone  
  14  0:30  Drone x2  
  16  0:38  Drone  
  17  0:53  Hatchery  
  17  0:56  Drone  
  17  1:02  Drone  
  18  1:14  Spawning Pool  
  18  1:16  Drone  
  18  1:24  Drone  
  19  1:30  Extractor  
  19  1:32  Drone  
  19  1:41  Drone  
  20  1:53  Overlord  
  20  2:00  Queen  
  22  2:06  Drone x2  
  22  2:07  Queen  
  26  2:12  Drone  
  27  2:21  Drone  
  28  2:31  Drone x2  
  28  2:32  Metabolic Boost  
  28  2:36  Drone, Roach Warren  
  30  2:40  Drone  
  31  2:49  Overlord  
  31  2:52  Drone  
  31  2:56  Drone, Queen  
  35  3:02  Drone  
  36  3:12  Overlord x2  
  36  3:13  Drone x4  
  40  3:23  Overlord  
  40  3:30  Overlord  
  40  3:32  Roach x3  
  46  3:38  Roach x2  
  50  3:46  Overlord  
  50  3:47  Overlord  
  50  3:51  Zergling x2  
  50  3:54  Zergling x2  
  50  3:55  Zergling x4  
  54  3:57  Zergling x2  
  54  4:02  Zergling x10  
  60  4:11  Overlord  
  60  4:15  Drone  
  61  4:18  Extractor  
  59  4:24  Hatchery, Ravager  
  59  4:26  Zergling x2  
  59  4:27  Zergling x8  
  57  4:34  Zergling x10  
  58  4:46  Ravager  
  58  4:52  Zergling x8  
  59  5:02  Zergling x4  
  51  5:11  Roach x3  
  51  5:12  Roach x2, Zergling x6  
  54  5:26  Roach  
  54  5:27  Zergling x4  
  51  5:36  Zergling x2  
  51  5:37  Queen, Zergling x4  
  51  5:39  Zergling x2  
  55  5:43  Ravager  
  55  5:46  Queen  
  55  5:49  Queen  
  61  5:57  Drone x3  
  61  5:59  Drone x3, Extractor  
  61  6:03  Drone, Extractor  
  61  6:04  Drone  
  66  6:14  Lair  
  66  6:22  Drone x2  
  66  6:34  Roach  
  66  6:35  Roach x8  
  83  6:43  Drone x4  
  83  6:47  Drone x2  
  89  6:59  Evolution Chamber x2, Overlord x3  
  89  7:01  Burrow  
  87  7:19  Glial Reconstitution  
  87  7:25  Zerg Missile Weapons Level 1, Zerg Ground Armor Level 1  
  87  7:29  Drone x3, Extractor x2  
  91  7:30  Drone x3  
  91  7:32  Drone x2  
  91  7:33  Drone x6  
  99  7:53  Ravager x3  
  99  7:54  Ravager  
  103  7:58  Overlord x3  
  103  7:59  Overlord x2  
  103  8:11  Overseer  
  103  8:24  Roach x13  
  129  8:32  Roach  
  129  8:33  Roach x5  
  129  8:34  Roach  
  129  8:35  Roach x4  
  139  8:43  Roach x4  
  139  8:47  Ravager  
  139  8:48  Ravager x2  
  150  8:53  Roach x4  
  150  8:55  Overlord x3  
  150  9:06  Overlord x4  
  150  9:09  Roach x3  
  144  9:21  Roach  
  144  9:22  Roach x8  
  154  9:40  Ravager  
  154  9:41  Hatchery, Ravager x6  
  154  9:42  Ravager x2  
  162  10:01  Roach x22  
  162  10:12  Roach  
  162  10:13  Roach x13  
  189  10:17  Roach x14  
  189  10:18  Roach x3  
  184  10:28  Roach x5  
Tags
 
Add a new tag
Caveats
  • Supply blocks, unpowered buildings, or Contaminate may cause inaccurate times.
  • Supply counts are checked every 10 seconds.